Map: Frostline LE

Players

wootwoot - Winner!

  • Race: Protoss Protoss
  • League: Diamond
  • Spawn Location: 7:00

llllllllllll

  • Race: Terran Terran
  • League: Diamond
  • Spawn Location: 1:00

VOD

Have the link to the VOD?

Description

Time

  • Played on: April 22, 2025, 4:37 a.m.
  • Length: 3:24
Show
View Real Time Build Order
Export as new Build Order

wootwoot Protoss - Winner!

Build Orders:  

Get SALT Encoding   

  12  0:01  Probe  
  13  0:13  Probe  
  14  0:19  Pylon  
  14  0:25  Probe  
  15  0:38  Gateway  
  15  0:42  Assimilator  
  15  0:49  Pylon  
  15  1:10  Gateway  
  15  1:12  Gateway  
  15  1:26  Cybernetics Core  
  15  1:31  Probe  
  16  1:43  Probe  
  17  1:51  Stalker x2  
  21  2:17  Stalker x2  
  25  2:26  Probe  
  26  2:39  Probe  
  27  2:51  Probe  
  28  2:54  Assimilator, Stalker  
  30  3:03  Probe  
  30  3:05  Pylon  
Show
View Real Time Build Order
Export as new Build Order

llllllllllll Terran 

Build Orders:  

Get SALT Encoding   

  12  0:00  SCV  
  13  0:12  SCV  
  14  0:17  Supply Depot  
  14  0:25  SCV  
  15  0:39  SCV, Barracks  
  16  0:51  SCV  
  17  1:03  SCV  
  18  1:29  Marine  
  18  1:30  Orbital Command  
  18  1:32  Command Center  
  19  1:43  Supply Depot  
  19  1:47  Marine  
  20  1:59  SCV  
  21  2:05  Marine  
  22  2:11  SCV, Bunker  
  22  2:14  Bunker  
  22  2:22  Marine  
  22  2:23  SCV  
  24  2:35  SCV  
  23  2:40  Marine  
  20  2:56  SCV  
  20  2:58  Marine  
  22  3:09  SCV  
Tags
 
Add a new tag
Caveats
  • Supply blocks, unpowered buildings, or Contaminate may cause inaccurate times.
  • Supply counts are checked every 10 seconds.